Map: 2000 Atmospheres LE

Players

Strange

  • Race: Protoss Protoss

Clem - Winner!

  • Race: Terran Terran

Event: DreamHack SC2 Masters 2021 Fall

VOD

Have the link to the VOD?

Description

Time

  • Played on: Aug. 6, 2021, 1:35 p.m.
  • Length: 15:19

All games in this series

Show
View Real Time Build Order
Export as new Build Order

Strange Protoss 

Build Orders: 1 Gate Expand, Colossus Rush 

Get SALT Encoding   

  12  0:00  Probe  
  13  0:12  Probe  
  14  0:17  Pylon  
  14  0:24  Probe (Chrono Boost)  
  16  0:36  Gateway  
  16  0:37  Probe (Chrono Boost)  
  16  0:42  Probe (Chrono Boost)  
  16  0:46  Assimilator  
  17  0:51  Probe  
  18  1:03  Probe  
  19  1:16  Probe  
  20  1:24  Cybernetics Core  
  20  1:31  Nexus  
  20  1:38  Pylon  
  20  1:41  Probe  
  20  1:46  Assimilator  
  21  1:53  Probe  
  22  1:57  Stalker (Chrono Boost)  
  24  2:04  Warp Gate  
  24  2:05  Probe  
  25  2:13  Shield Battery  
  25  2:17  Probe (Chrono Boost)  
  26  2:22  Stalker  
  26  2:29  Probe (Chrono Boost)  
  30  2:37  Probe (Chrono Boost)  
  30  2:38  Robotics Facility  
  30  2:43  Probe  
  31  2:44  Probe  
  32  2:52  Shield Battery  
  32  2:55  Probe  
  32  2:57  Sentry  
  35  2:59  Probe  
  36  3:09  Gateway  
  36  3:10  Probe  
  37  3:16  Pylon, Probe  
  38  3:22  Probe  
  38  3:26  Observer  
  40  3:28  Probe  
  41  3:34  Probe  
  41  3:40  Probe  
  43  3:43  Pylon  
  43  3:46  Assimilator, Probe (Chrono Boost)  
  44  3:49  Assimilator, Observer  
  44  3:52  Stalker  
  48  3:57  Probe (Chrono Boost)  
  48  3:58  Probe (Chrono Boost)  
  47  4:05  Probe (Chrono Boost)  
  47  4:06  Stalker  
  47  4:07  Probe (Chrono Boost)  
  49  4:16  Probe  
  49  4:17  Probe  
  47  4:29  Probe (Chrono Boost)  
  47  4:30  Probe (Chrono Boost)  
  49  4:34  Robotics Bay  
  49  4:41  Probe (Chrono Boost)  
  49  4:44  Probe (Chrono Boost)  
  51  4:46  Probe (Chrono Boost)  
  51  4:47  Forge  
  51  4:52  Observer  
  54  4:55  Probe (Chrono Boost)  
  54  4:57  Pylon, Probe (Chrono Boost)  
  55  5:04  Probe (Chrono Boost)  
  55  5:06  Probe (Chrono Boost)  
  57  5:09  Probe  
  57  5:11  Pylon  
  58  5:16  Probe  
  58  5:17  Stalker x2  
  58  5:18  Colossus (Chrono Boost)  
  58  5:21  Pylon, Probe  
  63  5:24  Extended Thermal Lance  
  70  5:29  Probe  
  70  5:31  Protoss Ground Weapons Level 1 (Chrono Boost)  
  71  5:37  Pylon x2  
  71  5:40  Twilight Council  
  71  5:49  Observer  
  71  5:51  Nexus  
  71  5:57  Colossus (Chrono Boost)  
  77  6:04  Shield Battery  
  77  6:07  Probe x2  
  79  6:17  Gateway x2  
  79  6:18  Charge  
  79  6:20  Probe  
  79  6:21  Probe  
  79  6:23  Sentry  
  83  6:31  Zealot  
  85  6:33  Probe x2  
  85  6:38  Colossus (Chrono Boost)  
  93  6:45  Shield Battery, Probe x2  
  95  6:52  Zealot x2  
  85  7:09  Probe x2  
  85  7:11  Zealot  
  85  7:12  Zealot x2  
  85  7:14  Probe (Chrono Boost)  
  94  7:22  Templar Archives  
  96  7:26  Probe x3 (Chrono Boost)  
  96  7:29  Assimilator  
  97  7:31  Assimilator  
  97  7:32  Pylon  
  97  7:33  Protoss Ground Weapons Level 2 (Chrono Boost), Probe (Chrono Boost)  
  97  7:35  Probe x2 (Chrono Boost)  
  100  7:37  Colossus (Chrono Boost)  
  100  7:41  Probe  
  100  7:43  Zealot  
  109  7:45  Sentry, Probe x2  
  109  7:46  Sentry  
  115  7:51  Pylon  
  115  7:53  Probe  
  115  7:57  Gateway  
  116  8:01  Gateway  
  115  8:06  Pylon  
  115  8:11  Gateway  
  115  8:14  Gateway  
  115  8:18  Gateway  
  115  8:20  Gateway  
  115  8:21  Pylon  
  115  8:25  High Templar x4, Immortal (Chrono Boost)  
  123  8:33  Pylon, Archon x2  
  127  8:41  Pylon  
  127  8:48  Gateway  
  127  8:49  Gateway  
  127  8:57  Warp Prism  
  127  8:58  High Templar x2  
  127  8:59  Nexus, Pylon  
  133  9:03  Archon  
  133  9:06  Zealot  
  135  9:11  High Templar  
  135  9:12  High Templar, Zealot x4  
  147  9:18  Archon  
  147  9:20  Zealot  
  147  9:21  Pylon  
  149  9:28  Protoss Ground Armor Level 1 (Chrono Boost)  
  149  9:29  Zealot  
  149  9:30  Zealot  
  149  9:31  Zealot  
  155  9:33  Zealot x3  
  123  9:53  Zealot x2  
  123  9:54  Zealot x6  
  123  9:59  Zealot x3  
  137  10:00  Sentry  
  139  10:13  Colossus (Chrono Boost)  
  109  10:15  Zealot x3  
  109  10:16  Zealot x4  
  93  10:28  High Templar  
  93  10:29  High Templar x4  
  93  10:33  Archon x2  
  103  10:36  High Templar, Stalker x2  
  103  10:40  Archon  
  109  10:44  Zealot x2  
  112  10:57  Colossus (Chrono Boost)  
  112  11:00  Sentry  
  112  11:01  Zealot x5  
  130  11:11  Stalker x3  
  132  11:20  Zealot x3  
  132  11:31  High Templar x2  
  132  11:32  Zealot x2  
  140  11:39  Archon  
  140  11:46  High Templar x2, Zealot x2  
  148  11:49  Nexus  
  148  11:51  Pylon, Archon  
  148  11:52  Stalker x2  
  149  12:05  Zealot x5  
  149  12:06  Zealot  
  153  12:21  Zealot x2  
  153  12:22  Zealot x4  
  143  12:24  Observer  
  119  12:31  Zealot x6  
  123  12:41  Warp Prism  
  122  13:02  Stalker x4  
  122  13:05  Nexus  
  128  13:12  High Templar x4  
  136  13:13  High Templar x2  
  136  13:18  Archon x3  
  140  13:24  Zealot x2  
  140  13:25  Zealot x3  
  138  13:35  Observer  
  138  13:37  Zealot  
  105  13:44  Zealot x6  
  105  13:45  Zealot x2  
  95  14:03  Probe x3  
  95  14:04  High Templar x3  
  95  14:05  High Templar, Zealot x3  
  95  14:09  Archon x2  
  112  14:13  Stalker  
  112  14:14  Stalker  
  116  14:21  Stalker x2  
  118  14:34  Stalker x3  
  124  14:45  Zealot x3  
  127  14:50  Sentry  
  127  14:52  Sentry, Zealot  
  90  15:00  Zealot x2  
  90  15:04  Sentry  
  92  15:10  Zealot x2  
Show
View Real Time Build Order
Export as new Build Order

Clem Terran - Winner!

Build Orders:  

Get SALT Encoding   

  12  0:00  SCV  
  13  0:12  SCV  
  14  0:17  Supply Depot  
  14  0:24  SCV  
  15  0:32  Refinery  
  15  0:38  SCV  
  16  0:43  Barracks  
  16  0:50  SCV  
  17  0:57  Supply Depot  
  17  1:03  SCV  
  18  1:15  SCV  
  19  1:31  Orbital Command  
  19  1:32  Marine  
  20  1:37  Factory  
  20  1:51  Barracks Reactor  
  20  1:57  SCV  
  21  2:09  SCV  
  22  2:19  Supply Depot  
  22  2:21  SCV  
  23  2:33  SCV, Hellion x2  
  23  2:35  Marine  
  23  2:37  Starport  
  29  2:45  SCV, Command Center  
  30  2:54  Hellion x2  
  30  2:57  Barracks Tech Lab  
  34  3:02  Refinery  
  34  3:03  SCV  
  35  3:10  Supply Depot  
  35  3:14  Medivac  
  35  3:17  SCV  
  38  3:24  Marine  
  39  3:31  Marine  
  39  3:32  SCV  
  41  3:37  Barracks  
  41  3:41  Cyclone  
  44  3:46  SCV  
  45  3:49  Marine  
  45  3:55  Engineering Bay  
  46  4:00  Orbital Command  
  46  4:04  SCV  
  46  4:09  Marine  
  48  4:16  SCV  
  47  4:20  Marine  
  47  4:22  Siege Tank  
  45  4:25  Barracks Tech Lab  
  45  4:27  SCV  
  45  4:29  Marine, SCV  
  48  4:39  SCV  
  48  4:41  SCV  
  48  4:42  Supply Depot  
  48  4:43  Starport, Stimpack  
  48  4:44  Marine  
  51  4:48  Marine x2  
  51  4:51  SCV  
  54  4:53  SCV  
  55  5:01  Refinery, Supply Depot  
  55  5:02  Marine  
  55  5:03  SCV  
  55  5:05  Siege Tank  
  55  5:06  Marine  
  61  5:11  SCV  
  61  5:12  Supply Depot  
  62  5:15  SCV  
  62  5:19  Refinery  
  62  5:20  Starport Reactor  
  63  5:22  Marauder  
  63  5:23  SCV  
  63  5:27  Marine x2, SCV  
  69  5:34  Supply Depot  
  69  5:35  SCV  
  70  5:39  SCV, Siege Tank  
  74  5:44  Barracks  
  74  5:45  Marine  
  74  5:46  Marine  
  74  5:48  SCV  
  77  5:51  SCV  
  77  5:52  Supply Depot  
  78  5:59  Medivac x2  
  78  6:00  Marauder  
  82  6:04  SCV  
  82  6:05  Marine, SCV  
  82  6:06  Marine  
  82  6:10  Terran Infantry Weapons Level 1  
  86  6:20  Command Center  
  86  6:24  Siege Tank  
  89  6:26  Marine x2  
  89  6:30  Combat Shield  
  89  6:31  Supply Depot  
  91  6:34  Marauder  
  91  6:37  Supply Depot  
  91  6:39  Barracks Tech Lab  
  93  6:41  SCV x2  
  93  6:46  Medivac  
  93  6:47  Supply Depot  
  97  6:49  Marine  
  98  6:57  Siege Tank  
  98  7:00  Marauder  
  98  7:01  SCV  
  94  7:03  Marauder  
  83  7:09  Marine x2, Viking  
  83  7:13  Barracks  
  86  7:17  SCV  
  86  7:18  SCV  
  86  7:19  Barracks  
  86  7:21  Marauder  
  90  7:27  Supply Depot, Marauder  
  90  7:28  Marine  
  94  7:30  SCV  
  94  7:31  Marine  
  94  7:32  SCV  
  94  7:36  Orbital Command  
  96  7:42  SCV  
  96  7:43  Marauder  
  99  7:44  SCV  
  99  7:49  Marine x2, Concussive Shells  
  102  7:51  Marauder  
  102  7:54  SCV  
  102  7:56  SCV  
  106  7:59  Viking  
  106  8:00  Viking  
  106  8:01  Starport Reactor  
  106  8:03  SCV, Factory Reactor  
  106  8:04  Terran Infantry Armor Level 1  
  111  8:06  SCV  
  111  8:08  SCV  
  111  8:09  Barracks Reactor, Marine x2, Barracks Tech Lab  
  111  8:12  Marauder  
  117  8:15  SCV  
  117  8:17  Refinery  
  117  8:18  SCV, Marauder  
  121  8:20  SCV  
  121  8:27  SCV  
  121  8:30  Marine x2, SCV  
  121  8:32  Viking x2, SCV  
  121  8:33  Marauder  
  132  8:36  Supply Depot, Marauder  
  132  8:39  Refinery, Marauder  
  132  8:40  SCV  
  132  8:41  Viking  
  139  8:43  Widow Mine  
  139  8:44  Widow Mine  
  139  8:46  Marine  
  139  8:47  Viking  
  146  8:50  Supply Depot  
  146  8:53  Ghost Academy  
  146  8:55  Marine x3  
  149  9:00  Marauder  
  149  9:01  Supply Depot  
  153  9:03  Marauder  
  153  9:04  Viking  
  153  9:08  Marauder  
  157  9:12  Widow Mine x2  
  157  9:14  Viking, Supply Depot  
  163  9:18  Viking  
  163  9:20  Marine  
  163  9:23  Marine x3  
  163  9:24  Viking  
  170  9:26  Ghost  
  172  9:35  Ghost  
  172  9:36  Widow Mine x2  
  172  9:37  Supply Depot  
  178  9:39  Marine, Supply Depot  
  178  9:40  Marine x2  
  176  9:48  Viking x2, Marauder  
  162  9:55  Marauder  
  162  9:57  Marine x2  
  162  9:58  Supply Depot, Widow Mine  
  162  9:59  Viking  
  166  10:06  SCV  
  166  10:07  SCV x2  
  162  10:11  Widow Mine  
  162  10:12  Marine  
  135  10:15  Marauder  
  135  10:16  Marine  
  135  10:19  Marine, SCV x3, Widow Mine  
  124  10:22  Medivac  
  124  10:25  Medivac  
  128  10:29  Marine  
  128  10:32  Ghost x2  
  128  10:34  Marine  
  135  10:38  Widow Mine  
  135  10:40  Medivac  
  138  10:43  Marine, Marauder  
  138  10:44  Marine  
  138  10:47  Marine  
  138  10:48  Widow Mine  
  145  10:54  Command Center  
  145  11:00  Widow Mine  
  145  11:01  Armory  
  145  11:02  Engineering Bay, Marauder  
  149  11:06  Marine x4  
  149  11:10  Widow Mine  
  155  11:12  Marauder  
  155  11:17  Viking x2  
  159  11:20  Viking  
  159  11:21  Widow Mine  
  159  11:22  Viking  
  164  11:26  Marine x2  
  164  11:27  Marine  
  164  11:28  SCV  
  164  11:29  SCV  
  167  11:33  Marauder  
  167  11:34  SCV  
  167  11:36  Marine  
  171  11:40  SCV  
  171  11:44  Marine  
  173  11:47  Medivac  
  173  11:48  Widow Mine x2  
  173  11:49  Marine x2, Medivac  
  173  11:51  Terran Infantry Weapons Level 2  
  183  11:54  Marine x2  
  183  11:56  Marauder  
  183  12:00  Marauder  
  189  12:06  Terran Infantry Armor Level 2  
  189  12:09  Missile Turret  
  189  12:10  SCV x2, Missile Turret  
  189  12:11  SCV  
  181  12:16  Marine x2  
  181  12:18  Marauder  
  181  12:19  SCV  
  181  12:22  Marauder  
  172  12:26  Marine  
  172  12:28  SCV, Marauder  
  151  12:31  Marine  
  151  12:33  Viking  
  151  12:37  Viking  
  152  12:39  Viking, Marauder  
  152  12:42  Planetary Fortress  
  155  12:45  Refinery x2  
  155  12:47  Marine  
  158  12:51  Widow Mine x2  
  158  12:55  Medivac  
  161  12:58  Marine  
  162  13:06  Barracks x2  
  162  13:07  Marine x3, Barracks  
  162  13:08  Ghost  
  162  13:12  Ghost  
  163  13:15  Widow Mine  
  163  13:16  Widow Mine  
  163  13:17  Marauder  
  169  13:23  Command Center  
  163  13:34  Marine  
  163  13:35  Marine x3  
  163  13:36  Ghost  
  163  13:38  Marauder  
  148  13:42  Marauder  
  148  13:45  Widow Mine x2  
  148  13:47  Medivac  
  142  13:52  Marine x2  
  142  13:53  Marine, SCV  
  134  13:56  Marine x4  
  134  13:58  Medivac  
  134  13:59  Marauder  
  134  14:01  Viking  
  141  14:03  Marauder  
  141  14:07  Marine  
  144  14:10  Marine  
  144  14:15  Barracks Tech Lab x2  
  145  14:18  Marine x2  
  145  14:21  Marauder  
  149  14:24  Marauder  
  149  14:25  Marauder  
  149  14:31  Viking  
  151  14:35  Viking  
  153  14:38  Viking  
  153  14:41  Marauder, Ghost  
  153  14:45  Marauder  
  161  14:46  Marauder  
  161  14:50  Ghost  
  163  14:54  Marine  
  159  15:00  Marine x2  

Tags
 
Add a new tag
Caveats
  • Supply blocks, unpowered buildings, or Contaminate may cause inaccurate times.
  • Supply counts are checked every 10 seconds.